 Dungeon Crawl Stone Soup version 0.29-a0-1016-g236c7fd91e (webtiles) character file.

Game seed: 13851560348712732127

143 siradein the Trooper (level 5, -2/46 HPs)
             Began as a Draconian Berserker on Aug 9, 2022.
             Was a Believer of Trog.
             Slain by a river rat (4 damage)
             ... in a sewer.
             The game lasted 00:03:34 (2325 turns).

siradein the Trooper (Draconian Berserker)          Turns: 2325, Time: 00:03:34

Health: -2/46      AC:  6    Str: 20    XL:     5   Next: 4%
Magic:  5/5        EV: 11    Int:  7    God:    Trog [**....]
Gold:   60         SH:  7    Dex: 12    Spells: 4/4 levels left

rFire   . . .      SeeInvis +   a - +0 falchion
rCold   . . .      Faith    .   b - +0 kite shield
rNeg    . . .      Spirit   .   (body armour unavailable)
rPois   .          Reflect  .   (helmet restricted)
rElec   .          Harm     .   f - +0 cloak
rCorr   .          Rampage  .   (no gloves)
Will    .....                   (no boots)
Stlth   +.........              (no amulet)
HPRegen 0.15/turn               r - ring of see invisible
MPRegen 0.09/turn               (no ring)

@: lethally poisoned (-2 -> -3), very slow
A: AC +5, unfitting armour, cold-blooded
a: Renounce Religion, Berserk, Trog's Hand


You were in a sewer.
You worshipped Trog.
Trog was pleased with you.
You visited 1 branch of the dungeon, and saw 3 of its levels.
You also visited: Sewer.

You collected 60 gold pieces.

Inventory:

Hand Weapons
 a - a +0 falchion (weapon)
Missiles
 p - 11 stones (quivered)
Armour
 b - a +0 kite shield (worn)
 f - a +0 cloak (worn)
Jewellery
 r - a ring of see invisible (left hand)
Scrolls
 c - a scroll of magic mapping {unknown}
 g - 2 scrolls of enchant weapon {unknown}
 k - a scroll of teleportation {unknown}
 q - a scroll of identify {unknown}
Potions
 d - 2 potions of haste {unknown}
 e - a potion of attraction {unknown}
 h - a potion of invisibility {unknown}
 j - a potion of degeneration {unknown}
 l - a potion of resistance {unknown}
 m - a potion of cancellation {unknown}
 n - a potion of lignification {unknown}
 o - a potion of curing {unknown}
 s - a potion of heal wounds {unknown}


   Skills:
 + Level 4.2 Fighting
 + Level 3.9 Long Blades
 + Level 3.5 Dodging
 + Level 2.0 Shields


You had 4 spell levels left.
You didn't know any spells.
Your spell library was empty.

Dungeon Overview and Level Annotations

Branches:
Dungeon (3/15)              Sewer (1/1)

Altars:

Shops:
D:1 =   D:3 *:


Innate Abilities, Weirdness & Mutations

Your plain brown scales are hard. (AC +5)
You cannot fit into any form of body armour.
You are cold-blooded and may be slowed by cold attacks.


Message History

The adder is heavily wounded.
You feel sick. The adder bites you.
You are more poisoned.
The adder poisons you! The ball python bites you.
The ball python constricts you. The adder bites you.
You are more poisoned.
The adder poisons you!
Your unstable footing causes you to fumble your attack.
* * * LOW HITPOINT WARNING * * *
You feel very sick. The adder completely misses you.
The ball python bites you but does no damage.
The ball python constricts you.
* * * LOW HITPOINT WARNING * * *
The ball python bites you but does no damage.
The ball python constricts you. The adder bites you but does no damage.
You slash the adder!
You kill the adder!
Trog accepts your kill.
* * * LOW HITPOINT WARNING * * *
You feel very sick.
The ball python bites you but does no damage.
The ball python constricts you. The river rat bites you.
* * * LOW HITPOINT WARNING * * *
You have reached level 5!
You escape the ball python's grasp.
The ball python attacks as you move away!
You block the ball python's attack. x2
* * * LOW HITPOINT WARNING * * *
You feel sick. The ball python barely misses you. The ball python grabs you.
The ball python constricts you.
You hit the ball python.
You kill the ball python!
Trog accepts your kill.
* * * LOW HITPOINT WARNING * * *
You feel sick. You block the river rat's attack.
The river rat barely misses you.
* * * LOW HITPOINT WARNING * * *
You feel sick. The river rat bites you.
You die...

######### ≈≈≈≈≈≈≈≈
≈≈≈≈≈≈≈≈ ≈≈≈~~. #
#~≈~#
#!..#########~≈~#
...~..†@~~~~†~≈.#
...~.≈≈r≈≈≈≈≈.≈~#
!....~~~~~~~~~≈~#
#!...########~≈~#
##!.# #~≈.# ###
##.≈~# #### #~.≈~#
###∩.### ####~≈~#
#∩.....####.~~~≈~#


You could see a river rat.

Vanquished Creatures
  An orc priest (D:2)
  A river rat (D:3)
  6 adders
  A worm (D:2)
  A dart slug (D:1)
  3 orcs (D:2)
  3 endoplasms
  A hobgoblin (D:1)
  A jackal (Sewer)
  4 quokkas
  9 ball pythons
  4 bats
  2 frilled lizards (D:1)
  4 goblins (D:2)
  3 kobolds
  3 rats
47 creatures vanquished.

Notes
Turn   | Place    | Note
-------+----------+-------------------------------------------
     0 | D:1      | siradein the Draconian Berserker began the quest for the
                  | Orb.
     0 | D:1      | Reached XP level 1. HP: 19/19 MP: 1/1
   243 | D:1      | Noticed a floating eye
   246 | D:1      | Found a faded altar of an unknown god.
   247 | D:1      | Noticed a great orb of eyes
   247 | D:1      | Noticed an eye of devastation
   247 | D:1      | Noticed a great orb of eyes
   277 | D:1      | Reached XP level 2. HP: 23/26 MP: 2/2
   491 | D:1      | Found Ycidghira's Jewellery Shop.
   956 | D:2      | Reached skill level 1 in Shields
  1038 | D:2      | Reached XP level 3. HP: 32/33 MP: 3/3
  1223 | D:2      | Reached XP level 4. HP: 18/40 MP: 4/4
  1228 | D:2      | Reached skill level 4 in Fighting
  1657 | D:2      | Reached ** piety under Trog
  1973 | D:3      | Found Bunuhas's Book Shop.
  2006 | D:3      | Found Ateih's Assorted Antiques.
  2021 | D:3      | Found a glowing drain.
  2090 | Sewer    | Entered a sewer
  2323 | Sewer    | Reached XP level 5. HP: 7/46 MP: 5/5
  2325 | Sewer    | HP: 2/46 [poisoned by an adder]
  2325 | Sewer    | Slain by a river rat

Illustrated notes

Levels and vault maps discovered:
D:1:      psy_arrival_conway, layout_rooms, serial_shops,
          nicolae_lakefront_shop, hellmonk_ecumenical_altar_watching_god
D:2:      layout_loops_ring
D:3:      minmay_evil_eye, layout_loops_cross, serial_shops, nicolae_shop_trees,
          nicolae_shop_trees, shop_fountains, shop_fountains, shop,
          portal_sewer_entry_a, minmay_misc_feat_encased, minmay_ogre_servants
Sewer:    sewer_fruit_machine

Skill      XL: |  1  2  3  4 |
---------------+-------------+-----
Dodging        | 3 |  3.5
Shields        | 1 2 |  2.0
Fighting       | 4 |  4.2
Long Blades    | |  3.9

Action                   |  1- 3 |  4- 6 || total
-------------------------+-------+-------++-------
Melee: Falchion          |    66 |   114 ||   180
       Tailslap          |     8 |     9 ||    17
Invok: Berserk           |     1 |       ||     1
  Use: Potion            |       |     3 ||     3
Armor: Skin              |    22 |    71 ||    93
Dodge: Dodged            |    36 |    79 ||   115
Block: Kite shield       |    24 |    61 ||    85

Table legend: (Time is in decaauts)
 A = Elapsed time spent in this place.
 B = Non-inter-level travel time spent in this place.
 C = Inter-level travel time spent in this place.
 D = Time resting spent in this place.
 E = Time spent auto-exploring this place.
 F = Levels seen in this place.
 G = Mean time per level.
                   A        B        C        D        E       F      G
               +--------+--------+--------+--------+--------+-----+--------+
         Total |   2403 |   2326 |     77 |      0 |   1828 |   4 |  600.8 |
       Dungeon |   2142 |   2065 |     77 |      0 |   1662 |   3 |  714.0 |
         Sewer |    260 |    260 |      0 |      0 |    166 |   1 |  260.0 |
               +--------+--------+--------+--------+--------+-----+--------+

Top non-repeatable levels by time:
     D:2: 1293 daAuts
     D:1: 690 daAuts
   Sewer: 260 daAuts
     D:3: 158 daAuts
